 Dungeon Crawl Stone Soup version 0.31-a0-716-gc7603755dd (webtiles) character file.

Game seed: 8025688652323503379

1260 Newt the Fighter (level 8, -2/56 HPs)
             Began as a Gargoyle Fighter on Sept 10, 2023.
             Slain by an ogre
             ... wielding a +0 giant club
              (21 damage)
             ... on level 6 of the Dungeon.
             The game lasted 00:05:36 (5229 turns).

Newt the Fighter (Gargoyle Fighter)                 Turns: 5229, Time: 00:05:36

Health: -2/56      AC: 12    Str: 21    XL:     8   Next: 52%
Magic:  8/8        EV:  9    Int: 16    God:
Gold:   269        SH:  4    Dex:  9    Spells: 7/7 levels left

rFire   . . .        p - +3 hand axe (elec)
rCold   . . .        c - +0 buckler
rNeg    + . .        b - +0 scale mail
rPois   ∞            (no helmet)
rElec   +            (no cloak)
rCorr   .            (no gloves)
SInv    .            (no boots)
Will    .....        (no amulet) Stlth
                     f - ring of flight
HPRegen 0.29/turn    s - +6 ring of intelligence
MPRegen 0.11/turn

%: no passive effects
@: flying
A: sickness immunity, AC +5, negative energy resistance 1, electricity
resistance, torment resistance 1, petrification resistance
a: no special abilities


You were on level 6 of the Dungeon.
You visited 1 branch of the dungeon, and saw 6 of its levels.
You also visited: Sewer.

You collected 269 gold pieces.

Inventory:

Hand Weapons
 a - a +0 flail
 h - a +0 hand axe of freezing
 i - a +2 whip of venom
 p - a +3 hand axe of electrocution (weapon)
Armour
 b - a +0 scale mail (worn)
 c - a +0 buckler (worn)
Jewellery
 f - a ring of flight (left hand)
 s - a +6 ring of intelligence (right hand)
Scrolls
 m - 2 scrolls of immolation
 q - a scroll of identify
Potions
 d - 2 potions of might
 e - 2 potions of curing
 g - 4 potions of heal wounds
 j - 3 potions of magic
 k - a potion of cancellation
 l - 4 potions of brilliance
 n - 2 potions of enlightenment
 o - a potion of attraction


   Skills:
 - Level 9.0 Fighting
 + Level 4.9(5.1) Axes
 - Level 2.0(3.9) Maces & Flails
 - Level 5.0 Armour
 - Level 3.2 Shields


You had 7 spell levels left.
You didn't know any spells.
Your spell library contained the following spells:

 Spells                   Type           Power      Damage    Failure   Level
 Summon Small Mammal      Summ           0%         N/A       63%         1
 Call Canine Familiar     Summ           0%         N/A       94%         3
 Summon Guardian Golem    Hex/Summ       0%         N/A       94%         3


Dungeon Overview and Level Annotations

Branches:
Dungeon (6/15)              Sewer (visited)
 Temple: D:4-7

Altars:
Yredelemnul

Shops:
D:4 ?


Innate Abilities, Weirdness & Mutations

You are immune to sickness and miasma.
Your stone body is resilient. (AC +5)
You are immune to poison.
You resist negative energy. (rN+)
You are resistant to electric shocks. (rElec)
You are resistant to unholy torment.
You are immune to petrification.


Message History

You hit the ogre. Lightning courses through the ogre!
You kill the ogre!
You hit the orc but do no damage. You hit the gnoll.
You kill the gnoll!
The gnoll is no longer moving quickly.
The gnoll hits you but does no damage. The orc hits you with a +0 flail.
You block the gnoll's attack.
Unknown command.
You hit the orc but do no damage. Lightning courses through the orc!!
You kill the orc!
The gnoll hits you from afar with a +0 halberd!
* * * LOW HITPOINT WARNING * * *
Unknown command.
Found an encrusted brass wand.
The gnoll closely misses you.
Items here: ( ))) [ ††.
You hit the gnoll.
The gnoll is heavily wounded.
The gnoll barely misses you.
Unknown command.
Unknown command.
You hit the gnoll.
The gnoll is severely wounded.
The gnoll hits you with a +0 halberd.
* * * LOW HITPOINT WARNING * * *
Unknown command.
You hit the gnoll.
You kill the gnoll!
Unknown command.
Found a scroll labelled YDEELA FIMAOF.
Found 3 scrolls labelled YDEELA FIMAOF.
An ogre comes into view. It is wielding a +0 giant club.
Found a manual of Ice Magic.
Okay, then.
You feel much better.
You slash the ogre!
The ogre is moderately wounded.
The ogre hits you with a +0 giant club!!
You slash the ogre! Lightning courses through the ogre!
The ogre is almost dead.
The ogre hits you with a +0 giant club!!
You die...

*****,**,##..#)....#
***,*,,*.#...))..#
*,,,,,*,#.#...)..#
**,*,,*,##.#.#.##.#
*,,,,,*,#......##.#
*******,,,,,*#.##.##...##*
*,,,,,,,,,,,#.#:#........********
*,,,,,,,,*,*#.##.....###.*,,,,,,,
*,,,,,,,,,,*,#.O@#.### *,*,,,,,,,
*******,,,,,#..#?#.#****,*,,,,,,,
***** *,,,,#........,,,*,,,,,,,,,
,,,,* *,,*..?##....##*,***,,,,,,,
***,* *,,....*#.##.# *,,,+,,,,,,,
*,***,,.##,*#.**.# *****,,,,,,,
*,,**,,,,,,,..**.# ********
**,,*,,,**,*##**,# *
**,*,,,,*,*****,*


You could see an ogre.

Vanquished Creatures
  A black bear (D:5)
  An ogre (D:6)
  4 phantoms
  A scorpion (D:5)
  4 hounds
  2 jellies
  A gnoll bouda (D:6)
  An iguana (D:5)
  2 sleepcaps (D:5)
  A scorpion zombie (D:4)
  A hound skeleton (D:4)
  2 hound zombies (D:4)
  9 gnolls
  6 adders
  5 river rats (Sewer)
  A white imp (D:3)
  An adder skeleton (D:4)
  2 adder zombies (D:4)
  7 worms
  2 dart slugs
  10 orcs
  5 endoplasms
  3 giant cockroaches
  5 goblins
  7 hobgoblins
  4 jackals (D:1)
  6 quokkas
  21 ball pythons
  A bat (D:2)
  9 frilled lizards
  24 kobolds
  A quokka skeleton (D:4)
  24 rats
174 creatures vanquished.

Notes
Turn   | Place    | Note
-------+----------+-------------------------------------------
     0 | D:1      | Newt the Gargoyle Fighter began the quest for the Orb.
     0 | D:1      | Reached XP level 1. HP: 14/14 MP: 1/1
   175 | D:1      | Reached XP level 2. HP: 20/20 MP: 2/2
   243 | D:1      | Reached skill level 4 in Fighting
   900 | D:1      | Reached XP level 3. HP: 24/24 MP: 3/3
  1090 | D:2      | Found a basalt altar of Yredelemnul.
  1228 | D:2      | Reached skill level 5 in Fighting
  1337 | D:2      | Reached skill level 1 in Axes
  1337 | D:2      | Reached XP level 4. HP: 26/31 MP: 4/4
  1991 | D:3      | Found a glowing drain.
  2008 | Sewer    | Entered a sewer
  2118 | Sewer    | Reached XP level 5. HP: 26/35 MP: 5/5
  3104 | D:3      | Reached XP level 6. HP: 28/40 MP: 6/6
  3692 | D:4      | Found The Oracle's Delphic Readings.
  4323 | D:4      | Reached skill level 5 in Armour
  4325 | D:4      | Reached skill level 6 in Fighting
  4325 | D:4      | Reached XP level 7. HP: 42/46 MP: 7/7
  4390 | D:5      | Entered Level 5 of the Dungeon
  4507 | D:5      | Reached skill level 7 in Fighting
  4657 | D:5      | Reached skill level 8 in Fighting
  4690 | D:5      | Reached XP level 8. HP: 55/55 MP: 8/8
  5203 | D:6      | Reached skill level 9 in Fighting
  5229 | D:6      | Slain by an ogre

Illustrated notes

Levels and vault maps discovered:
D:1:      shiori_arrival_oz, layout_loops_corners, hex_medium, nicolae_wormholes
D:2:      layout_rooms, basic_altar, kennysheep_generic_room_15
D:3:      minmay_thinvault, layout_basic, cheibrodos_sewer_entry_bend
D:4:      layout_loops_ring, serial_undead, serial_undead_d, serial_undead_b,
          serial_undead_e, serial_undead_d, nicolae_nh_oracle_at_delphi
D:5:      layout_loops_ring
D:6:      layout_basic, enter_ossuary_2, minmay_manual_mess

Skill      XL: |  1  2  3  4  5  6  7  8 |
---------------+-------------------------+-----
Fighting       | 4 5 6 8 9 |  9.0
Axes           | 1 2 3 4 |  4.9
Armour         | 5 |  5.0
Maces & Flails | |  2.0
Shields        | |  3.2

Action                     |  1- 3 |  4- 6 |  7- 9 || total
---------------------------+-------+-------+-------++-------
  Melee: Flail             |    83 |       |       ||    83
         Hand axe          |    45 |   259 |   116 ||   420
         Whip              |       |    41 |       ||    41
    Use: Scroll            |     1 |     5 |     8 ||    14
         Potion            |       |     2 |     1 ||     3
 Armour: Scale mail        |    93 |   242 |    85 ||   420
  Dodge: Dodged            |    52 |   114 |    58 ||   224
  Block: Buckler           |    28 |    71 |    22 ||   121

Table legend: (Time is in decaauts)
 A = Elapsed time spent in this place.
 B = Non-inter-level travel time spent in this place.
 C = Inter-level travel time spent in this place.
 D = Time resting spent in this place.
 E = Time spent auto-exploring this place.
 F = Levels seen in this place.
 G = Mean time per level.
                   A        B        C        D        E       F      G
               +--------+--------+--------+--------+--------+-----+--------+
         Total |   5321 |   5168 |    153 |      0 |   3870 |   7 |  760.1 |
       Dungeon |   4477 |   4324 |    153 |      0 |   3239 |   6 |  746.2 |
         Sewer |    844 |    844 |      0 |      0 |    631 |   1 |  844.0 |
               +--------+--------+--------+--------+--------+-----+--------+

Top non-repeatable levels by time:
     D:3: 1184 daAuts
     D:1: 1081 daAuts
   Sewer: 844 daAuts
     D:5: 754 daAuts
     D:4: 747 daAuts
     D:2: 611 daAuts
     D:6: 97 daAuts
